 Dungeon Crawl Stone Soup version 0.28-a0-385-g79de503ca0 (webtiles) character file.

Game seed: 17904790413521198771

56 GordonOverkill the Magician (level 3, -1/14 HPs)
             Began as a Felid Necromancer on Sept 3, 2021.
             Slain by Pikel (11 damage)
             ... on level 3 of the Dungeon.
             The game lasted 00:05:52 (6594 turns).

GordonOverkill the Magician (Felid Necromancer)     Turns: 6594, Time: 00:05:52

Health: -1/14      AC:  1    Str:  4    XL:     3   Next: 69%
Magic:  0/10       EV: 17    Int: 17    God:
Gold:   142        SH:  0    Dex: 16    Spells: 7/11 levels left
                                        Lives:  0   Deaths: 1

rFire   + . .      SeeInvis +   (weapon unavailable)
rCold   + . .      Faith    .   (shield unavailable)
rNeg    . . .      Spirit   .   (armour unavailable)
rPois   +          Reflect  .   (helmet unavailable)
rElec   +          Harm     .   (cloak unavailable)
rCorr   +          Rampage  .   (gloves unavailable)
Will    .....                   (boots unavailable)
Stlth   ++........              e - amulet of regeneration
HPRegen 1.04/turn               (no ring)
MPRegen 0.12/turn               (no ring)

@: resistant, quick
A: very small, claws 1, fangs 3, see invisible, speed 1, shaggy fur 1, stealthy
paws, no weapons or thrown items, no armour, multi-lived
a: no special abilities


You were on level 3 of the Dungeon.
You visited 1 branch of the dungeon, and saw 4 of its levels.

You collected 142 gold pieces.

Inventory:

Jewellery
 d - an amulet of faith
 e - an amulet of regeneration (around neck)
Scrolls
 c - a scroll of immolation
 f - a scroll of teleportation {unknown}
 g - a scroll of noise {unknown}
Potions
 b - a potion of curing


   Skills:
 - Level 2.6 Dodging
 - Level 2.6 Stealth
 + Level 4.6 Spellcasting
 + Level 0.0 Conjurations
 - Level 4.0 Necromancy
 + Level 0.0 Fire Magic
 + Level 0.0 Earth Magic


You had 7 spell levels left.
You knew the following spells:

 Your Spells              Type           Power      Damage    Failure   Level
a - Pain                  Necr           68%        1d7       3%          1
b - Vampiric Draining     Necr           8%         2d7       9%          3

Your spell library contained the following spells:

 Spells                   Type           Power      Damage    Failure   Level
 Animate Skeleton         Necr           34%        N/A       3%          1
 Animate Dead             Necr           8%         N/A       28%         4
 Ignite Poison            Fire/Tmut/Pois 3%         N/A       41%         3
 Mephitic Cloud           Conj/Pois/Air  3%         N/A       41%         3
 Agony                    Necr           17%        N/A       63%         5
 Bolt of Magma            Conj/Fire/Erth 1%         4d4       99%         5


Dungeon Overview and Level Annotations

Branches:
Dungeon (4/15)
 Temple: D:4-7

Altars:
Wu Jian

Shops:
D:1 (

Annotations:
D:3 Pikel


Innate Abilities, Weirdness & Mutations

You have sharp claws.
You have razor-sharp teeth.
You have supernaturally acute eyesight. (SInv)
You cover ground quickly. (Speed+)
You are covered in fur. (AC +1)
Your paws help you pounce on unaware monsters.
You are incapable of wielding weapons or throwing items.
You cannot wear armour.
You gain extra lives every three experience levels.


Message History

Aiming: Pain (safe; 3% risk of failure)
Press: ? - help, Shift-Dir - straight line, f/p - Pikel
Aim: Pikel, wielding a +0 whip of electrocution and wearing a +0 robe (severely wounded, chance to affect: 76%) Pikel barely resists.
Pikel says, "Don't tell anyone, but I think Ereshkigal likes me."
Pikel closely misses you.
You scratch Pikel but do no damage.
Pikel is severely wounded.
Pikel waves his whip at you. Pikel completely misses you.
You scratch Pikel but do no damage.
Pikel is heavily wounded.
Pikel hits you with a +0 whip of electrocution.
* * * LOW HITPOINT WARNING * * *
You closely miss Pikel.
Pikel is heavily wounded.
Pikel misses you.
You closely miss Pikel.
Pikel is heavily wounded.
Pikel closely misses you.
You scratch Pikel but do no damage.
Pikel is heavily wounded.
Pikel closely misses you.
Your magical contamination has completely faded away.
You scratch Pikel but do no damage.
Pikel is heavily wounded.
Pikel closely misses you.
Casting: Pain (safe; 3% risk of failure)
Confirm with . or Enter, or press ? or * to list all spells.
Aiming: Pain (safe; 3% risk of failure)
Press: ? - help, Shift-Dir - straight line, f/p - Pikel
Aim: Pikel, wielding a +0 whip of electrocution and wearing a +0 robe (heavily wounded, chance to affect: 76%) Pikel writhes in agony.
Pikel says, "I'm sure the Orcish Mines are around here somewhere..."
Pikel misses you.
You scratch Pikel but do no damage.
Pikel is severely wounded.
Pikel hits you with a +0 whip of electrocution!
Ouch! That really hurt!
You die...

.........)..#
#.#########
#####.......##
#.........#
#........#
##########.#
#........# #......#
#.# #........#
#.###### #.#####
#........###.#
#.....#
#.[..........#
####.##
#####################
#..# #@K......# #.##
########.# #.#
########## #.####.#
##.......# #.#....#
##.......# #.#.####
##.......# #)#.#
##.>.....# #.#.#
##.......# #.#.#
.'.......# #.#.#


You could see Pikel.

Vanquished Creatures
  An orc priest (D:3)
  2 adders
  2 worms
  A dart slug (D:2)
  4 orcs (D:3)
  3 bats (D:1)
  6 endoplasms
  2 giant cockroaches
  5 goblins
  4 hobgoblins
  2 jackals (D:1)
  2 quokkas
  6 ball pythons
  5 frilled lizards
  4 kobolds
  3 rats
52 creatures vanquished.

Notes
Turn   | Place    | Note
-------+----------+-------------------------------------------
     0 | D:1      | GordonOverkill the Felid Necromancer began the quest for
                  | the Orb.
     0 | D:1      | Reached XP level 1. HP: 7/7 MP: 4/4
   228 | D:1      | Found Appin's Antique Weapon Shoppe.
   699 | D:1      | Reached XP level 2. HP: 3/11 MP: 0/6
  2264 | D:2      | Reached XP level 3. HP: 9/14 MP: 3/8
  3028 | D:2      | Found an ornate altar of the Wu Jian Council.
  4225 | D:3      | Reached XP level 4. HP: 18/18 MP: 3/11
  5162 | D:3      | Found a faded altar of an unknown god.
  6068 | D:4      | Noticed a water moccasin
  6078 | D:4      | Slain by a water moccasin
  6079 | D:4      | Reached XP level 3. HP: -1/14 MP: 5/10
  6384 | D:4      | Noticed a lemure
  6401 | D:4      | Learned a level 3 spell: Vampiric Draining
  6513 | D:4      | Noticed Pikel
  6513 | D:4      | Noticed a lemure
  6513 | D:4      | Noticed a lemure
  6513 | D:4      | Noticed a lemure
  6594 | D:3      | Slain by Pikel

Illustrated notes

Levels and vault maps discovered:
D:1:      sevenhm_arrival_forest_fort_small_4, layout_basic, serial_shops,
          nicolae_shop_overgrown_old_shop, grunt_decor_resistance
D:2:      layout_basic, basic_altar
D:3:      layout_basic, shapermc_ecumenical_altar_pompeii,
          kennysheep_small_spiral
D:4:      layout_loops_ring, gammafunk_ghost_mausoleum, uniq_pikel

Skill      XL: |  1  2  3 |
---------------+----------+-----
Spellcasting   | 3 4 |  4.6
Dodging        | |  2.6
Stealth        | |  2.6
Necromancy     | |  4.0

Action                   |  1- 3 |  4- 6 || total
-------------------------+-------+-------++-------
Melee: Unarmed           |     9 |       ||     9
 Cast: Pain              |   102 |    31 ||   133
       Vampiric Draining |     1 |       ||     1
  Use: Potion            |     4 |     3 ||     7
       Scroll            |     3 |       ||     3
 Stab: Sleeping          |     1 |       ||     1
Dodge: Dodged            |    18 |     6 ||    24

Table legend: (Time is in decaauts)
 A = Elapsed time spent in this place.
 B = Non-inter-level travel time spent in this place.
 C = Inter-level travel time spent in this place.
 D = Time resting spent in this place.
 E = Time spent auto-exploring this place.
 F = Levels seen in this place.
 G = Mean time per level.
                   A        B        C        D        E       F      G
               +--------+--------+--------+--------+--------+-----+--------+
         Total |   6072 |   5909 |    163 |   3684 |   1681 |   4 | 1518.0 |
       Dungeon |   6072 |   5909 |    163 |   3684 |   1681 |   4 | 1518.0 |
               +--------+--------+--------+--------+--------+-----+--------+

Top non-repeatable levels by time:
     D:1: 2104 daAuts
     D:3: 2098 daAuts
     D:2: 1524 daAuts
     D:4: 343 daAuts
